 Dungeon Crawl Stone Soup version 0.30-a0-310-g7d6cbdfea6 (webtiles) character file.

Game seed: 6196545535722132491

421 ryw the Magician (level 6, 0/48 HPs)
             Began as a Demonspawn Monk on Oct 25, 2022.
             Slain by an orc
             ... wielding a +0 mace
              (4 damage)
             ... on level 5 of the Dungeon.
             The game lasted 00:07:10 (4265 turns).

ryw the Magician (Demonspawn Monk)                  Turns: 4265, Time: 00:07:11

Health: 0/48       AC:  4    Str: 12    XL:     6   Next: 62%
Magic:  12/12      EV: 16    Int: 15    God:
Gold:   269        SH:  0    Dex: 15    Spells: 13/14 levels left

rFire   . . .      SeeInvis .    m - +2 dagger (drain)
rCold   . . .      Faith    .    (no shield)
rNeg    . . .      Spirit   .    a - +0 robe
rPois   .          Reflect  .    s - +0 helmet
rElec   .          Harm     .    (no cloak)
rCorr   .          Rampage  .    h - +0 pair of gloves
Will    .....                    (no boots)
Stlth   ++........               (no amulet)
HPRegen 0.28/turn                g - +4 ring of evasion
MPRegen 0.13/turn                (no ring)

@: mighty
A: foul stench 2, big brain 1
a: no special abilities


You were on level 5 of the Dungeon.
You visited 1 branch of the dungeon, and saw 5 of its levels.

You collected 269 gold pieces.

Inventory:

Hand Weapons
 m - a +2 dagger of draining (weapon)
Armour
 a - a +0 robe (worn)
 h - a +0 pair of gloves (worn)
 s - a +0 helmet (worn)
Jewellery
 g - a +4 ring of evasion (left hand)
Wands
 b - a wand of paralysis (3)
Scrolls
 c - 2 scrolls of immolation
 j - a scroll of torment {unknown}
 k - a scroll of amnesia
 l - a scroll of summoning
 p - a scroll of silence {unknown}
 q - a scroll of butterflies {unknown}
 r - a scroll of noise {unknown}
Potions
 d - a potion of resistance {unknown}
 e - a potion of curing
 f - a potion of mutation
 n - a potion of heal wounds {unknown}
 o - a potion of might


   Skills:
 - Level 4.0 Fighting
 - Level 2.6 Dodging
 - Level 1.7 Stealth
 - Level 2.6 Unarmed Combat
 + Level 4.5 Spellcasting
 + Level 3.0 Earth Magic


You had 13 spell levels left.
You knew the following spells:

 Your Spells              Type           Power      Damage    Failure   Level
a - Sandblast             Erth           24%        2d8       4%          1

Your spell library contained the following spells:

 Spells                   Type           Power      Damage    Failure   Level
 Passwall                 Tmut/Erth      5%         N/A       14%         2
 Cigotuvi's Dreadful Rot  Necr/Pois/Air  6%         N/A       26%         2
 Poisonous Vapours        Pois/Air       6%         N/A       26%         2
 Stone Arrow              Conj/Erth      14%        3d7       28%         3
 Gell's Gravitas          Tloc           3%         N/A       45%         3
 Lesser Beckoning         Tloc           6%         N/A       45%         3
 Mephitic Cloud           Conj/Pois/Air  3%         N/A       45%         3
 Teleport Other           Tloc           3%         N/A       45%         3


Dungeon Overview and Level Annotations

Branches:
Dungeon (5/15)
 Temple: D:4-7

Altars:
Kikubaaqudgha
Xom

Shops:
D:2 :


Innate Abilities, Weirdness & Mutations

You sometimes emit foul miasma when damaged in melee.
You have an unusually large brain. (Int +2)


Message History

The phantom closely misses you. The orc barely misses you.
The orc attacks as you move away! The orc misses you.
The orc priest attacks as you move away!
The orc priest hits you with a +0 flail!
* * * LOW HITPOINT WARNING * * *
Unknown command.
You feel better. The phantom barely misses you. The orc closely misses you.
You miss the phantom.
The phantom is almost destroyed.
The phantom hits you but does no damage.
The orc completely misses you.
Unknown command.
You barely miss the phantom.
The phantom is almost destroyed.
The phantom barely misses you. The orc barely misses you.
The orc hits you but does no damage.
Unknown command.
The orc hits you with a +0 hand axe.
* * * LOW HITPOINT WARNING * * *
The orc attacks as you move away! The orc hits you with a +0 hand axe.
* * * LOW HITPOINT WARNING * * *
The orc priest looks satisfied for a moment.
The orc attacks as you move away! The orc barely misses you.
The phantom attacks as you move away! The phantom misses you.
The orc attacks as you move away! The orc barely misses you.
The orc attacks as you move away! The orc completely misses you.
The orc priest calls down the wrath of Beogh upon you.
Beogh smites you!
* * * LOW HITPOINT WARNING * * *
The phantom attacks as you move away! The phantom barely misses you.
The phantom attacks as you move away! The phantom misses you.
It was a potion of mutation.
You feel extremely strange.
Your thoughts seem clearer.
Your thinking seems confused.
The phantom hits you but does no damage.
It was a potion of cancellation.
You feel magically purged. The phantom closely misses you.
It was a potion of might.
You feel very mighty all of a sudden. The phantom misses you.
The orc hits you with a +0 mace.
You die...

......# ##...###....#
......#####..........#
.....................#
..)).................##
...)..######..........####
...##.# ##.......#....#
..## .# #..#....###..##
..# . #.###....###.# #.#
#. #@o..###.# #.. ##
##Wo..##.# #### #.#
##g.o....# #..
###.o...#### ♣
#..###......##
P..#....go....#
.............#####
....#........##.# ...
#...####...##


You could see a phantom, an orc priest, a gnoll and 3 orcs.

Vanquished Creatures
  A scorpion (D:5)
  A hound (D:5)
  An orc priest (D:3)
  Terence (D:2)
  2 iguanas (D:5)
  3 orc wizards
  4 adders
  A white imp (D:3)
  3 worms
  3 dart slugs
  15 orcs
  11 endoplasms
  3 giant cockroaches
  6 goblins
  4 hobgoblins
  3 quokkas
  5 ball pythons (D:4)
  3 bats
  2 frilled lizards
  6 kobolds
  2 rats (D:3)
80 creatures vanquished.

Notes
Turn   | Place    | Note
-------+----------+-------------------------------------------
     0 | D:1      | ryw the Demonspawn Monk began the quest for the Orb.
     0 | D:1      | Reached XP level 1. HP: 18/18 MP: 1/1
    31 | D:1      | Found a faded altar of an unknown god.
   301 | D:1      | Gained mutation: You have an unusually large brain. (Int
                  | +2) [demonic ancestry]
   301 | D:1      | Reached XP level 2. HP: 22/24 MP: 2/2
   901 | D:2      | Gained mutation: You may rarely emit foul miasma when
                  | damaged in melee. [demonic ancestry]
   901 | D:2      | Reached XP level 3. HP: 23/30 MP: 2/4
   996 | D:2      | Reached skill level 1 in Spellcasting
  1003 | D:2      | Noticed Terence
  1015 | D:2      | Killed Terence
  1036 | D:2      | Reached XP level 4. HP: 23/37 MP: 7/7
  1155 | D:2      | Found Sigemi Bela's Book Boutique.
  2116 | D:3      | Learned a level 1 spell: Sandblast
  2365 | D:3      | Gained mutation: You sometimes emit foul miasma when
                  | damaged in melee. [demonic ancestry]
  2365 | D:3      | Reached XP level 5. HP: 33/40 MP: 8/10
  2377 | D:3      | Reached skill level 1 in Earth Magic
  3675 | D:4      | Found a shimmering altar of Xom.
  3683 | D:4      | Found an ancient bone altar of Kikubaaqudgha.
  3719 | D:5      | Entered Level 5 of the Dungeon
  3787 | D:5      | Reached XP level 6. HP: 30/48 MP: 10/12
  4263 | D:5      | Gained mutation: You possess an exceptional clarity of
                  | mind. [potion of mutation]
  4263 | D:5      | Lost mutation: You possess an exceptional clarity of mind.
                  | [potion of mutation]
  4265 | D:5      | Slain by an orc

Illustrated notes

Levels and vault maps discovered:
D:1:      lemuel_arrival_muddy, layout_basic,
          shapermc_ecumenical_altar_starsandcircs, serial_bayou_pond_d
D:2:      layout_loops_ring, serial_shops, shop, kennysheep_generic_room_3,
          uniq_terence
D:3:      layout_basic
D:4:      layout_rooms, minitemple, grunt_decor_clamped
D:5:      layout_layer_cave, nicolae_overflow_crystal_walls,
          uniq_crazy_yiuf_cottage

Skill      XL: |  1  2  3  4  5  6 |
---------------+-------------------+-----
Fighting       | 4 |  4.0
Spellcasting   | 2 3 4 |  4.5
Earth Magic    | 2 3 |  3.0
Dodging        | |  2.6
Stealth        | |  1.7
Unarmed Combat | |  2.6

Action                   |  1- 3 |  4- 6 || total
-------------------------+-------+-------++-------
Melee: Unarmed           |   117 |    72 ||   189
       Punch             |     2 |     5 ||     7
       Whip              |       |    30 ||    30
       Dagger            |       |   150 ||   150
 Cast: Sandblast         |       |     2 ||     2
  Use: Potion            |     3 |     5 ||     8
       Scroll            |     2 |     4 ||     6
 Stab: Sleeping          |     1 |     6 ||     7
       Distracted        |       |     1 ||     1
Armor: Robe              |    17 |    36 ||    53
Dodge: Dodged            |    70 |   165 ||   235

Table legend: (Time is in decaauts)
 A = Elapsed time spent in this place.
 B = Non-inter-level travel time spent in this place.
 C = Inter-level travel time spent in this place.
 D = Time resting spent in this place.
 E = Time spent auto-exploring this place.
 F = Levels seen in this place.
 G = Mean time per level.
                   A        B        C        D        E       F      G
               +--------+--------+--------+--------+--------+-----+--------+
         Total |   4261 |   4174 |     87 |    575 |   2810 |   5 |  852.2 |
       Dungeon |   4261 |   4174 |     87 |    575 |   2810 |   5 |  852.2 |
               +--------+--------+--------+--------+--------+-----+--------+

Top non-repeatable levels by time:
     D:3: 1197 daAuts
     D:2: 1016 daAuts
     D:1: 809 daAuts
     D:4: 690 daAuts
     D:5: 546 daAuts
